 Dungeon Crawl Stone Soup version 0.22-a0-159-g7ce444fdad (webtiles) character file.

72 RedPan the Changer (level 4, 0/41 HPs)
             Began as an Ogre Transmuter on Feb 9, 2018.
             Slain by Crazy Yiuf
             ... wielding a +4 quarterstaff of chaos
              (9 damage)
             ... on level 2 of the Dungeon.
             The game lasted 00:03:18 (2368 turns).

RedPan the Changer (Ogre Transmuter)                Turns: 2368, Time: 00:03:19

Health: 0/41       AC:  2    Str: 14    XL:     4   Next: 25%
Magic:  1/7        EV: 19    Int: 15    God:
Gold:   124        SH:  0    Dex: 14    Spells: 3/7 levels left

rFire    . . .     SeeInvis .     - Unarmed
rCold    . . .     Gourm    .   (shield currently unavailable)
rNeg     . . .     Faith    .   (armour currently unavailable)
rPois    x         Spirit   .   (helmet currently unavailable)
rElec    .         Reflect  .   (cloak currently unavailable)
rCorr    .         Harm     .   (gloves unavailable)
MR       .....                  (boots unavailable)
Stlth    +.........             (no amulet)
HPRegen  0.13/turn              (no ring)
MPRegen  0.10/turn              (no ring)

@: spider-form (expiring)
A: tiny, unfitting armour
a: End Transformation


You were on level 2 of the Dungeon.
You were not hungry.
You were a venomous arachnid creature.
You visited 1 branch of the dungeon, and saw 2 of its levels.

You collected 124 gold pieces.

Inventory:

Missiles
 a - 27 arrows
Armour
 b - a +0 robe (melded)
Scrolls
 f - a scroll of teleportation {unknown}
 g - a scroll of identify {unknown}
 h - a scroll of enchant weapon {unknown}
 i - a scroll of random uselessness {unknown}
 k - a scroll of amnesia {unknown}
Potions
 e - 2 potions of heal wounds {unknown}
 j - a potion of curing {unknown}
Books
 c - a book of Changes

   Spells                             Type                      Level
   a - Beastly Appendage              Transmutation                1
   b - Sticks to Snakes               Transmutation                2
   c - Spider Form                    Transmutation/Poison         3
   d - Ice Form                       Ice/Transmutation            4
   e - Blade Hands                    Transmutation                5
Comestibles
 d - a ration


   Skills:
 - Level 1.3 Fighting
 - Level 1.7 Dodging
 + Level 2.7 Unarmed Combat
 - Level 2.4 Spellcasting
 - Level 4.0 Transmutations


You had 3 spell levels left.
You knew the following spells:

 Your Spells              Type           Power        Failure   Level  Hunger
a - Beastly Appendage     Tmut           ##....       13%         1    #......
b - Spider Form           Tmut/Pois      #.........   50%         3    ###....


Dungeon Overview and Level Annotations

Branches:
Dungeon (2/15)

Altars:

Annotations:
D:2 Crazy Yiuf


Innate Abilities, Weirdness & Mutations

You are too large for most types of armour.
((You have tough skin. (AC +1)))


Message History

Your transformation is almost over.
You barely miss Crazy Yiuf.
Crazy Yiuf is heavily wounded.
Crazy Yiuf hits you with a quarterstaff of chaos!
Crazy Yiuf burns you.
You are too injured to fight recklessly!
You are too injured to fight recklessly!
You are too injured to fight recklessly!
You hit Crazy Yiuf.
Crazy Yiuf is severely wounded.
Crazy Yiuf completely misses you.
You hit Crazy Yiuf.
Crazy Yiuf looks as sick as possible!
Crazy Yiuf is almost dead.
Crazy Yiuf completely misses you.
You barely miss Crazy Yiuf.
Crazy Yiuf is almost dead.
Crazy Yiuf hits you with a quarterstaff of chaos.
* * * LOW HITPOINT WARNING * * *
You are electrocuted!
You die...

#...# ##### #.#.#
#.## #...# #..)#
#.#.# #.## #...#
#...# ###.###.##
#...# #...#
#)......## ###.#
#'# ###.######
#.# ♣♣.♣ #...###
# #.# ♣.♣♣
#.....# # #.#
♣♣g♣ #####.# #
#.# ♣s♣♣ #.# #
##.# ♣♣.♣♣ #.####
#..# ♣...♣♣ ###
#.##). ####
♣....♣ #.# #.##.#
##..## #.###.##(#
#....# #.....##(.
##...# #.........
##.#####....^####
#...............


You could see Crazy Yiuf.

Vanquished Creatures
  Terence (D:2)
  An adder (D:2)
  An ooze (D:1)
  A dart slug (D:2)
  A leopard gecko (D:2)
  3 bats
  4 giant cockroaches
  7 goblins
  2 hobgoblins (D:2)
  2 quokkas (D:2)
  5 kobolds
  2 rats (D:2)
30 creatures vanquished.

Notes
Turn   | Place    | Note
-------+----------+-------------------------------------------
     0 | D:1      | RedPan the Ogre Transmuter began the quest for the Orb.
     0 | D:1      | Reached XP level 1. HP: 19/19 MP: 3/3
    48 | D:1      | Reached skill level 2 in Transmutations
   188 | D:1      | Reached XP level 2. HP: 9/27 MP: 3/5
  1068 | D:2      | Reached skill level 3 in Transmutations
  1068 | D:2      | Reached XP level 3. HP: 20/33 MP: 4/6
  1278 | D:2      | Learned a level 3 spell: Spider Form
  1489 | D:2      | Noticed Terence
  1508 | D:2      | Killed Terence
  1508 | D:2      | Reached XP level 4. HP: 16/41 MP: 0/7
  1779 | D:2      | Found a runed door.
  1953 | D:2      | Reached skill level 4 in Transmutations
  2355 | D:2      | Noticed Crazy Yiuf
  2368 | D:2      | Slain by Crazy Yiuf

Vault maps used:
D:1:      sevenhm_arrival_forest_fort_small_4, serial_corexii_hall,
          corexii_hall_statues_u, corexii_hall_statues_l,
          minmay_misc_feat_secret_circle, minivault_14
D:2:      uniq_crazy_yiuf_cottage, uniq_terence

Skill      XL: |  1  2  3  4 |
---------------+-------------+-----
Transmutations | 2 3 4 |  4.0
Fighting       | |  1.3
Dodging        | |  1.7
Unarmed Combat | |  2.7
Spellcasting   | |  2.4

Action                   |  1- 3 |  4- 6 || total
-------------------------+-------+-------++-------
Melee: Unarmed           |    70 |    61 ||   131
       Punch             |     2 |       ||     2
       Kick              |     6 |     1 ||     7
       Headbutt          |     1 |       ||     1
 Cast: Beastly Appendage |     9 |     2 ||    11
       Spider Form       |     1 |     1 ||     2
  Use: Potion            |     1 |       ||     1
  Eat: Chunk             |     2 |     3 ||     5
Armor: Robe              |    20 |    26 ||    46
Dodge: Dodged            |    38 |    43 ||    81

Table legend:
 A = Spawn XP
 B = Non-spawn XP
 C = Spawn XP percentage of total XP
 D = Spawn monster count
 E = Non-spawn monster count
 F = Spawn count percentage of total count
 G = Total turns spent on level
                    A         B        C        D         E        F      G
               +---------+---------+-------+---------+---------+-------+---------
         Total |       0 |     103 |   0.0 |       0 |      30 |   0.0 |  2368
               +---------+---------+-------+---------+---------+-------+---------
           D:1 |       0 |      19 |   0.0 |       0 |       8 |   0.0 |   942
           D:2 |       0 |      84 |   0.0 |       0 |      22 |   0.0 |  1426
               +---------+---------+-------+---------+---------+-------+---------
